 Dungeon Crawl Stone Soup version 0.21-a0-442-g848f44b (webtiles) character file.

9885 kae the Geomancer (level 11, -6/59 HPs)
             Began as a Gargoyle Earth Elementalist on Nov 12, 2017.
             Was a Priest of Vehumet.
             Mangled by a komodo dragon (24 damage)
             ... on level 1 of the Lair of Beasts.
             The game lasted 00:17:08 (12159 turns).

kae the Geomancer (Gargoyle Earth Elementalist)    Turns: 12159, Time: 00:17:08

Health: -6/59      AC: 15    Str: 14    XL:     11   Next: 53%
Magic:  12/23      EV: 14    Int: 21    God:    Vehumet [***...]
Gold:   422        SH:  0    Dex: 10    Spells: 18/27 levels left

rFire    x . .     SeeInvis .   l - +3 dagger (vamp)
rCold    + + .     Gourm    .   (no shield)
rNeg     + + .     Faith    .   Q - +2 robe {MR+}
rPois    ∞         Spirit   .   (no helmet)
rElec    +         Reflect  .   G - +2 cloak {rPois}
rCorr    .         Harm     +   (no gloves)
MR       +++..     Clarity  +   (no boots)
Stlth    ++........             J - amulet "Juorib" {Harm *Drain rN+ MR++ Str+2 Slay+2}
HPRegen  0.19/turn              m - ring of protection from cold
MPRegen  0.18/turn              v - ring of ice

@: studying Poison Magic
A: blurry vision 1, clarity, clever 1, frail 1, negative energy resistance 1,
electricity resistance, unbreathing, petrification resistance, rot immunity, AC
+8
a: Renounce Religion


You were on level 1 of the Lair of Beasts.
You worshipped Vehumet.
Vehumet was most pleased with you.
You were not hungry.

You visited 2 branches of the dungeon, and saw 10 of its levels.
You also visited: Labyrinth.

You collected 422 gold pieces.

Inventory:

Hand Weapons
 l - a +3 vampiric dagger (weapon)
 u - a +0 quarterstaff of protection
Missiles
 b - 42 stones (quivered)
Armour
 E - a +2 robe of cold resistance
 G - a +2 cloak of poison resistance (worn)
 Q - a +2 robe of magic resistance (worn)
Magical Staves
 q - an uncursed staff of fire {unknown}
 F - an uncursed staff of poison
Jewellery
 j - the amulet of Food {Harm *Drain rElec Str+2 Dex-4 Slay+4}
   (You found it on level 6 of the Dungeon)

   [amulet of harm]

   It increases damage dealt and taken.
   It affects your strength (+2).
   It affects your dexterity (-4).
   It affects your accuracy and damage with ranged weapons and melee attacks
   (+4).
   It insulates you from electricity.
   It causes draining when unequipped.
 m - a ring of protection from cold (left hand)
 s - an uncursed ring of flight
 v - a ring of ice (right hand)
 B - the cursed ring of Duniwi {rPois Str-5 Int+6 Dex-2, unknown}
   (You found it in a labyrinth)

   [ring of dexterity]

   It affects your strength (-5).
   It affects your intelligence (+6).
   It affects your dexterity (-2).
   It protects you from poison.
   It has a curse placed upon it.
 J - the amulet "Juorib" (around neck) {Harm *Drain rN+ MR++ Str+2 Slay+2}
   (You found it on level 6 of the Dungeon)

   [amulet of harm]

   It increases damage dealt and taken.
   It affects your strength (+2).
   It affects your accuracy and damage with ranged weapons and melee attacks
   (+2).
   It protects you from negative energy.
   It affects your resistance to hostile enchantments.
   It causes draining when unequipped.
Wands
 a - a wand of iceblast (6/15)
 c - a wand of polymorph (16/24)
 t - a wand of polymorph (15/24)
 K - a wand of flame (14/48)
Scrolls
 f - 4 scrolls of teleportation
 h - 4 scrolls of remove curse
 n - a scroll of recharging
 o - 2 scrolls of magic mapping
 r - a scroll of fog
 w - a scroll of immolation
 y - 2 scrolls of enchant armour
 D - a scroll of blinking
 I - 3 scrolls of identify
 R - a scroll of fear
Potions
 i - a potion of flight
 k - a potion of magic
 p - 4 potions of brilliance
 x - 3 potions of haste
 z - 2 potions of lignification
 A - a potion of heal wounds
 L - a potion of ambrosia {unknown}
 M - 2 potions of curing
Books
 e - a book of Geomancy

   Spells                             Type                      Level
   a - Sandblast                      Earth                        1
   b - Passwall                       Transmutation/Earth          2
   c - Stone Arrow                    Conjuration/Earth            3
   d - Petrify                        Transmutation/Earth          4
   e - Lee's Rapid Deconstruction     Earth                        5
 C - a book of Changes

   Spells                             Type                      Level
   a - Beastly Appendage              Transmutation                1
   b - Sticks to Snakes               Transmutation                2
   c - Spider Form                    Transmutation/Poison         3
   d - Ice Form                       Ice/Transmutation            4
   e - Blade Hands                    Transmutation                5
 H - Vehumet's Volume of Arcane Weapons
   (You found it on level 5 of the Dungeon)

   Spells                             Type                      Level
   a - Magic Dart                     Conjuration                  1
 N - a manual of Poison Magic
Comestibles
 d - 8 bread rations
 g - a fruit
 O - 7 royal jellies
 P - 2 meat rations
 S - 9 chunks of flesh


   Skills:
 + Level 6.5 Fighting
 + Level 5.3 Dodging
 - Level 2.1 Stealth
 * Level 8.7 Spellcasting
 * Level 9.4 Conjurations
   Level 0.7 Transmutations
 * Level 11.4 Earth Magic


You had 18 spell levels left.
You knew the following spells:

 Your Spells              Type           Power        Failure   Level  Hunger
a - Sandblast             Erth           ######       1%          1    None
b - Stone Arrow           Conj/Erth      ######       1%          3    None
c - Lee's Rapid Deconstr  Erth           ######....   1%          5    #####..


Dungeon Overview and Level Annotations

Branches:
Dungeon (9/15)             Temple (0/1) D:7            Lair (1/6) D:9
    Orc: D:9-12

Altars:
Cheibriados
Elyvilon
Hepliaklqana
Kikubaaqudgha
Makhleb
Okawaru
Ru
Sif Muna
Uskayaw
Vehumet
Wu Jian
Zin


Innate Abilities, Weirdness & Mutations

You are resistant to torment.
Your stone body is resilient. (AC +8)
You are immune to poison.
You resist negative energy. (rN+)
You are resistant to electric shocks. (rElec)
You can survive without breathing.
You are immune to petrification.
You are immune to rotting.
Scrolls take you a little longer to read.
You possess an exceptional clarity of mind.
Your mind is acute. (Int +2)
You are frail. (-10% HP)


Message History

Casting: Sandblast
Confirm with . or Enter, or press ? or * to list all spells.
Aiming: Sandblast
Press: ? - help, Shift-Dir - straight line, f/p - komodo dragon
Aim: a komodo dragon (heavily wounded)
The blast of sand hits the komodo dragon.
The komodo dragon is heavily wounded.
b - 43 stones The komodo dragon bites you!!
* * * LOW HITPOINT WARNING * * *
Casting: Sandblast
Confirm with . or Enter, or press ? or * to list all spells.
Aiming: Sandblast
Press: ? - help, Shift-Dir - straight line, f/p - komodo dragon
Aim: a komodo dragon (heavily wounded)
The blast of sand hits the komodo dragon.
The komodo dragon is heavily wounded.
b - 42 stones The komodo dragon bites you!!
You die...

**,,,,,,*,..#.*##..........###
**,,,,,,,#.###,* #....#.#..##
,*,,,,,,,....,***#######..##
*,,,,,,,,.....*,* #...##
,,,,,,,,,.....,** ##÷.##
,,,,,,,,,......,* ##††##
,,,,,,,,,......#####..##
,,,,,,,,,.............#
,,**,,,,,......l@...###
*****,,,,.....#.>..## *
**,,,...,#......#*
**,,.,,*#...##..#*
*******#..##*#..#* **#..#*
*...#*** * *** *...#*
*##..#,******* **,******..#*
*,,....,*,*,*, *,,,,,**,.#*
**,,,.##,,,,,,,


You could see a komodo dragon.

Vanquished Creatures
  2 two-headed ogres
  Pikel (D:6)
  A rime drake (Lair:1)
  2 komodo dragons
  3 hippogriffs
  Sigmund (D:5)
  4 hogs (D:7)
  3 humans (D:7)
  5 yaks (Lair:1)
  Menkaure (D:6)
  Edmund (D:4)
  2 water moccasins
  3 orc warriors
  An ice beast (D:8)
  3 sky beasts
  2 black bears
  4 ogres
  A phantom (D:4)
  5 centaurs
  A big kobold (D:9)
  4 bullfrogs
  6 scorpions
  16 killer bees
  4 howler monkeys
  A centaur zombie (D:5)
  3 hounds
  2 jellies
  Crazy Yiuf (D:4)
  2 centaur skeletons
  8 orc priests
  2 bullfrog skeletons
  12 orc wizards
  An iguana (D:6)
  Natasha (twice) (D:2)
  7 worker ants
  A hound zombie (D:7)
  A worker ant zombie (D:5)
  10 adders
  4 gnolls
  2 shadow imps
  2 oozes (D:3)
  An adder zombie (D:7)
  3 adder skeletons
  2 worms
  A dart slug (D:2)
  6 leopard geckos
  31 orcs
  3 giant cockroaches
  6 goblins
  8 hobgoblins
  8 jackals
  5 kobolds
  A quokka (D:4)
  6 bats
  5 frilled lizards
  A jackal skeleton (D:7)
  6 rats
230 creatures vanquished.

Vanquished Creatures (others)
  An orc (D:4)
  21 plants (D:9)
22 creatures vanquished.

Grand Total: 252 creatures vanquished

Notes
Turn   | Place    | Note
-------+----------+-------------------------------------------
     0 | D:1      | kae the Gargoyle Earth Elementalist began the quest for the Orb.
     0 | D:1      | Reached XP level 1. HP: 10/10 MP: 3/3
   362 | D:1      | Reached skill level 4 in Earth Magic
   362 | D:1      | Reached XP level 2. HP: 11/15 MP: 5/5
   965 | D:2      | Reached XP level 3. HP: 10/19 MP: 4/6
  1262 | D:2      | Reached skill level 5 in Earth Magic
  1262 | D:2      | Reached XP level 4. HP: 19/24 MP: 5/8
  1267 | D:2      | Learned a level 3 spell: Stone Arrow
  1381 | D:2      | Noticed Natasha
  1386 | D:2      | Killed Natasha
  1438 | D:2      | Found a sacrificial altar of Ru.
  1606 | D:2      | Noticed Natasha
  1609 | D:2      | Killed Natasha
  1609 | D:2      | Reached skill level 1 in Conjurations
  1609 | D:2      | Reached XP level 5. HP: 28/28 MP: 7/10
  1889 | D:3      | Reached skill level 1 in Fighting
  2110 | D:3      | Found an ornate altar of the Wu Jian Council.
  2144 | D:3      | Reached XP level 6. HP: 29/34 MP: 11/11
  3197 | D:4      | Noticed Edmund
  3267 | D:4      | Reached skill level 6 in Earth Magic
  3570 | D:4      | Noticed a phantom
  3615 | D:4      | Killed a phantom
  3615 | D:4      | Reached XP level 7. HP: 28/39 MP: 2/13
  3902 | D:4      | HP: 2/40 [Edmund/flail of protection (2)]
  4718 | D:4      | Killed Edmund
  4718 | D:4      | Reached XP level 8. HP: 31/45 MP: 0/15
  4894 | D:4      | Found a runed door.
  4938 | D:4      | Noticed Crazy Yiuf
  4942 | D:4      | Killed Crazy Yiuf
  4942 | D:4      | Reached skill level 7 in Earth Magic
  5068 | D:5      | Entered Level 5 of the Dungeon
  5194 | D:5      | Reached skill level 5 in Spellcasting
  5631 | D:5      | Found an ancient bone altar of Kikubaaqudgha.
  5828 | D:5      | Reached skill level 5 in Conjurations
  6016 | D:5      | Found a deep blue altar of Sif Muna.
  6018 | D:5      | Found a radiant altar of Vehumet.
  6021 | D:5      | Identified Vehumet's Volume of Arcane Weapons
  6084 | D:5      | Became a worshipper of Vehumet
  6108 | D:5      | Noticed Sigmund
  6186 | D:5      | Found a burning altar of Makhleb.
  6195 | D:5      | Reached skill level 8 in Earth Magic
  6245 | D:5      | Reached XP level 9. HP: 51/51 MP: 10/17
  6637 | D:5      | Killed Sigmund
  6682 | D:6      | Got a wavering golden amulet
  6875 | D:6      | Identified the amulet "Juorib" {Harm *Drain rN+ MR++ Str+2 Slay+2} (You found it on level 6 of the Dungeon)
  6904 | D:6      | Noticed Menkaure
  7049 | D:6      | Got a wavering silver amulet
  7183 | D:6      | Noticed Pikel
  7198 | D:6      | Killed Pikel
  7198 | D:6      | Reached skill level 9 in Earth Magic
  7257 | D:6      | Found a glowing silver altar of Zin.
  7752 | D:6      | Killed Menkaure
  7770 | D:7      | Identified the amulet of Food {Harm *Drain rElec Str+2 Dex-4 Slay+4} (You found it on level 6 of the Dungeon)
  7899 | D:7      | Reached * piety under Vehumet
  7899 | D:7      | Offered knowledge of Flame Tongue by Vehumet.
  7899 | D:7      | Reached XP level 10. HP: 42/58 MP: 9/20
  8133 | D:7      | Found an iron altar of Okawaru.
  8153 | D:7      | Reached skill level 5 in Fighting
  8233 | D:7      | Found a staircase to the Ecumenical Temple.
  8513 | D:7      | Reached skill level 10 in Earth Magic
  8678 | D:7      | Found a white marble altar of Elyvilon.
  8679 | D:7      | Found a snail-covered altar of Cheibriados.
  9119 | D:8      | Found a hide-covered altar of Uskayaw.
  9311 | D:8      | Offered knowledge of Searing Ray by Vehumet.
  9321 | D:8      | Reached ** piety under Vehumet
  9411 | D:8      | Found a sacrificial altar of Ru.
  9416 | D:8      | Found a hazy altar of Hepliaklqana.
  9641 | D:8      | Noticed a two-headed ogre
  9649 | D:8      | Killed a two-headed ogre
  9999 | D:8      | Reached XP level 11. HP: 64/64 MP: 16/23
 10323 | D:9      | Reached skill level 5 in Dodging
 10588 | D:8      | Reached skill level 11 in Earth Magic
 10697 | D:9      | Offered knowledge of Inner Flame by Vehumet.
 10754 | D:9      | Noticed a two-headed ogre
 10763 | D:9      | Killed a two-headed ogre
 11043 | D:9      | Reached *** piety under Vehumet
 11069 | D:9      | Found a staircase to the Lair.
 11082 | Lair:1   | Entered Level 1 of the Lair of Beasts
 11191 | Lair:1   | Found a labyrinth entrance.
 11209 | Lab      | Entered a labyrinth
 11219 | Lab      | Learned a level 5 spell: Lee's Rapid Deconstruction
 11984 | Lab      | Gained mutation: You are frail. (-10% HP) [potion of mutation]
 11984 | Lab      | Gained mutation: Scrolls take you a little longer to read. [potion of mutation]
 11984 | Lab      | Gained mutation: You possess an exceptional clarity of mind. [potion of mutation]
 11984 | Lab      | Gained mutation: Your mind is acute. (Int +2) [potion of mutation]
 11991 | Lab      | Noticed a minotaur
 11994 | Lab      | Got a brightly glowing ivory ring
 12159 | Lair:1   | Mangled by a komodo dragon

Vault maps used:
D:1:      dpeg_arrival_short_road
D:2:      nicolae_ru_the_path_less_chosen, uniq_natasha
D:3:      nicolae_overflow_crystal_walls
D:4:      uniq_edmund, uniq_crazy_yiuf_cottage
D:5:      grunt_temple_overflow_magic_moments, lemuel_crystal_altar,
          first_bread, uniq_sigmund
D:6:      zin_statuary, uniq_menkaure, uniq_pikel
D:7:      okawaru_humans, gammafunk_temple_overflow_pools,
          minmay_temple_entry_crystal_x, grunt_livestock
D:8:      chequers_temple_overflow_statue_of_worship, old_standard_altar,
          minmay_holes
D:9:      david_lair_shrubbed
Lair:1:   lab_entry_generic, grunt_megastairs_3
Lab:      labyrinth_hidden_loot, labyrinth_skeletal_remains, nicolae_lab_grate_2

Skill      XL: |  1  2  3  4  5  6  7  8  9 10 11 |
---------------+----------------------------------+-----
Earth Magic    | 4 5 6 8 9 10 11 | 11.4
Spellcasting   | 3 4 5 6 8 |  8.7
Conjurations   | 1 2 3 5 7 8 9 |  9.4
Fighting       | 1 2 3 4 5 6 |  6.5
Dodging        | 2 3 4 5 |  5.3
Stealth        | |  2.1
Transmutations | |  0.7

Action                   |  1- 3 |  4- 6 |  7- 9 | 10-12 || total
-------------------------+-------+-------+-------+-------++-------
Melee: Unarmed           |    12 |       |       |       ||    12
       Club              |    27 |       |       |       ||    27
       Dagger            |    96 |   156 |   151 |   171 ||   574
 Cast: Sandblast         |     6 |    42 |    85 |    60 ||   193
       Stone Arrow       |       |    13 |    58 |   102 ||   173
       Lee's Rapid Decon |       |       |       |    10 ||    10
  Use: Scroll            |       |    13 |     8 |     3 ||    24
       Potion            |       |       |       |     6 ||     6
 Stab: Sleeping          |     2 |     1 |     2 |       ||     5
  Eat: Bread ration      |     1 |       |       |     1 ||     2
       Chunk             |     1 |     9 |    14 |    12 ||    36
       Fruit             |       |       |     3 |       ||     3
Armor: Robe              |    51 |    55 |   127 |   115 ||   348
Dodge: Dodged            |   106 |   139 |   132 |   213 ||   590

Table legend:
 A = Spawn XP
 B = Non-spawn XP
 C = Spawn XP percentage of total XP
 D = Spawn monster count
 E = Non-spawn monster count
 F = Spawn count percentage of total count
 G = Total turns spent on level
                    A         B        C        D         E        F      G
               +---------+---------+-------+---------+---------+-------+---------
         Total |       0 |   14122 |   0.0 |       0 |     230 |   0.0 | 12159
               +---------+---------+-------+---------+---------+-------+---------
           D:1 |       0 |      30 |   0.0 |       0 |      10 |   0.0 |   930
           D:2 |       0 |     168 |   0.0 |       0 |      22 |   0.0 |   817
           D:3 |       0 |     272 |   0.0 |       0 |      34 |   0.0 |  1772
           D:4 |       0 |     808 |   0.0 |       0 |      21 |   0.0 |  1549
           D:5 |       0 |    1570 |   0.0 |       0 |      21 |   0.0 |  1587
           D:6 |       0 |    1622 |   0.0 |       0 |      16 |   0.0 |  1114
           D:7 |       0 |    2765 |   0.0 |       0 |      30 |   0.0 |  1217
           D:8 |       0 |    2502 |   0.0 |       0 |      29 |   0.0 |  1395
           D:9 |       0 |    2641 |   0.0 |       0 |      40 |   0.0 |   701
        Lair:1 |       0 |    1744 |   0.0 |       0 |       7 |   0.0 |   290
               +---------+---------+-------+---------+---------+-------+---------
